 Dungeon Crawl Stone Soup version 0.28-a0-1485-g077359a4bf (webtiles) character file.

Game seed: 16161782911303203680

497 Hasart the Conjurer (level 6, -3/45 HPs)
             Began as a Demigod Conjurer on Jan 11, 2022.
             Slain by an ogre (24 damage)
             ... on level 4 of the Dungeon.
             The game lasted 00:09:30 (4841 turns).

Hasart the Conjurer (Demigod Conjurer)              Turns: 4841, Time: 00:09:31

Health: -3/45      AC:  3    Str:  8    XL:     6   Next: 61%
Magic:  6/16       EV: 12    Int: 28    God:
Gold:   80         SH:  0    Dex: 12    Spells: 7/14 levels left

rFire   . . .      SeeInvis +   w - +0 dagger (venom)
rCold   . . .      Faith    .   (no shield)
rNeg    . . .      Spirit   .   a - +0 robe
rPois   .          Reflect  .   n - +0 helmet
rElec   .          Harm     .   (no cloak)
rCorr   .          Rampage  .   (no gloves)
Will    .....                   (no boots)
Stlth   ++........              (no amulet)
HPRegen 0.15/turn               i - ring of see invisible
MPRegen 0.15/turn               u - ring of wizardry

@: no status effects
A: high mp 1, forlorn, divine attributes
a: no special abilities


You were on level 4 of the Dungeon.
You visited 1 branch of the dungeon, and saw 5 of its levels.

You collected 80 gold pieces.

Inventory:

Hand Weapons
 w - a +0 dagger of venom (weapon)
Missiles
 m - 3 throwing nets
Armour
 a - a +0 robe (worn)
 j - an orb of energy
 n - a +0 helmet (worn)
Jewellery
 i - a ring of see invisible (left hand)
 r - a ring of willpower
 u - a ring of wizardry (right hand)
Wands
 e - a wand of polymorph (12)
 t - a wand of acid (12)
Scrolls
 b - 3 scrolls of blinking {unknown}
 c - 4 scrolls of identify {unknown}
 d - 3 scrolls of teleportation {unknown}
 f - 2 scrolls of immolation {unknown}
 l - a scroll of amnesia {unknown}
 o - 2 scrolls of fog {unknown}
 q - a scroll of magic mapping {unknown}
 v - a scroll of noise {unknown}
Potions
 g - a potion of magic {unknown}
 h - a potion of attraction {unknown}
 k - 2 potions of heal wounds {unknown}
 p - a potion of lignification {unknown}
 s - 3 potions of curing {unknown}


   Skills:
 - Level 1.7 Dodging
 - Level 1.7 Stealth
 + Level 4.6 Spellcasting
 + Level 6.0 Conjurations


You had 7 spell levels left.
You knew the following spells:

 Your Spells              Type           Power      Damage    Failure   Level
a - Magic Dart            Conj           100%       1d8       1%          1
b - Searing Ray           Conj           80%        2d7       1%          2
c - Fulminant Prism       Conj/Hex       11%        3d9       9%          4

Your spell library contained the following spells:

 Spells                   Type           Power      Damage    Failure   Level
 Apportation              Tloc           12%        N/A       2%          1
 Dazzling Flash           Conj/Hex       46%        N/A       2%          3
 Gell's Gravitas          Tloc           6%         N/A       9%          3
 Teleport Other           Tloc           6%         N/A       9%          3
 Iskenderun's Mystic Bla  Conj/Tloc      23%        2d6       9%          4
 Alistair's Intoxication  Tmut/Pois      4%         N/A       58%         5
 Dispersal                Tloc           3%         N/A       98%         6


Dungeon Overview and Level Annotations

Branches:
Dungeon (5/15)
 Temple: D:4-7

Shops:
D:3 =


Innate Abilities, Weirdness & Mutations

You have an increased reservoir of magic. (+10% MP)
You shall have no god before yourself.
Your divine heritage dramatically boosts your attributes as you level up.


Message History

The bullfrog skeleton hits you.
A jelly comes into view.
The bullfrog skeleton closely misses you.
Unknown command.
There is a stone staircase leading up here.
Aiming: Searing Ray (safe; 1% risk of failure)
Press: ? - help, Q - select action, (/) - cycle Shift-Dir - straight line, f - ogre, p - bullfrog skeleton
Aim: an ogre, wielding a +0 giant club (91% to hit)
The searing ray hits the bullfrog skeleton!
You destroy the bullfrog skeleton!
The searing ray misses the ogre. (Press . to maintain the ray.)
Your Conjurations skill increases to level 6!
The searing ray hits the ogre!
The ogre is moderately wounded.
The ogre misses you.
Unknown command.
The searing ray hits the ogre.
The ogre is heavily wounded.
The searing ray hits the ogre!
The ogre is moderately wounded.
The ogre hits you with a +0 giant club!!
Ouch! That really hurt!
Unknown command.
Found 13 gold pieces.
The ogre barely misses you.
There is a stone staircase leading up, spattered with blood here.
The ogre misses you.
You climb upwards.
There is a stone staircase leading down here.
There is an open door here.
Aiming: Searing Ray (safe; 1% risk of failure)
Press: ? - help, Q - select action, (/) - cycle Shift-Dir - straight line, f - ogre
Aim: an ogre, wielding a +0 giant club (heavily wounded, 91% to hit)
The searing ray hits the ogre.
The ogre is severely wounded. (Press . to maintain the ray.)
The ogre hits you with a +0 giant club!!
Ouch! That really hurt!
You die...

............##########....#+#####
###.....#####....##..#....#......
..#.....#............'....#......
..'..)..#............#....#......
..#.....#..##....##..#....#......
..#.)...#+###'#####..#....#####'#
..#..)..#..##........#...........
..#b....#........O...#...........
..#.....#..##...@##..#...........
..'.....#..##....##'##...........
..#.....#........#...............
..#.....#........#..>............
'##.....##'####+##...............
......................###########
..................#'###..(# #.
.....)............#.......# #.
............._....#.......# #.


You could see an ogre.

Vanquished Creatures
  A kobold brigand (D:4)
  A scorpion (D:4)
  A hound (D:3)
  An orc priest (D:4)
  A bullfrog skeleton (D:5)
  2 iguanas
  3 orc wizards (D:4)
  A hound skeleton (D:4)
  An adder (D:2)
  3 gnolls (D:3)
  4 dart slugs (D:1)
  5 orcs
  4 bats
  9 endoplasms
  8 goblins
  7 hobgoblins
  9 jackals (D:1)
  10 kobolds
  3 quokkas
  3 ball pythons
  5 frilled lizards
  11 rats
  A spectral kobold (D:2)
94 creatures vanquished.

Vanquished Creatures (others)
  14 plants (D:4)
14 creatures vanquished.

Grand Total: 108 creatures vanquished

Notes
Turn   | Place    | Note
-------+----------+-------------------------------------------
     0 | D:1      | Hasart the Demigod Conjurer began the quest for the Orb.
     0 | D:1      | Reached XP level 1. HP: 14/14 MP: 5/5
     1 | D:1      | Found a runed translucent door.
   264 | D:1      | Reached XP level 2. HP: 20/20 MP: 4/7
   283 | D:1      | Learned a level 2 spell: Searing Ray
   458 | D:1      | Reached skill level 4 in Conjurations
   985 | D:1      | Reached XP level 3. HP: 26/26 MP: 6/9
  2443 | D:3      | Found Cicely's Jewellery Shop.
  2510 | D:3      | Reached XP level 4. HP: 26/33 MP: 6/11
  3234 | D:3      | Learned a level 4 spell: Fulminant Prism
  3276 | D:4      | Reached skill level 5 in Conjurations
  3276 | D:4      | Reached XP level 5. HP: 20/38 MP: 8/13
  3717 | D:4      | Reached XP level 6. HP: 42/45 MP: 6/15
  4788 | D:5      | Entered Level 5 of the Dungeon
  4820 | D:5      | Reached skill level 6 in Conjurations
  4841 | D:4      | Slain by an ogre

Illustrated notes

Levels and vault maps discovered:
D:1:      dpeg_arrival_caged_fury, layout_basic
D:2:      layout_basic, dreamdust_ecumenical_altar_drowned_temple
D:3:      layout_basic, mainiacjoe_overflow_alcove_2, serial_shops,
          nicolae_square_shop, minmay_crystal_room
D:4:      layout_gridville, xom_butterflies, lexackson_kobold_supper
D:5:      layout_rooms, uniq_blork_the_orc, uniq_grinder, uniq_menkaure

Skill      XL: |  1  2  3  4  5  6 |
---------------+-------------------+-----
Spellcasting   | 2 3 4 |  4.6
Conjurations   | 4 5 6 |  6.0
Dodging        | |  1.7
Stealth        | |  1.7

Action                   |  1- 3 |  4- 6 || total
-------------------------+-------+-------++-------
Melee: Unarmed           |     6 |       ||     6
       Dagger            |     3 |     9 ||    12
 Cast: Magic Dart        |    22 |       ||    22
       Searing Ray       |    32 |    35 ||    67
Armor: Robe              |     3 |     5 ||     8
Dodge: Dodged            |    28 |    23 ||    51

Table legend: (Time is in decaauts)
 A = Elapsed time spent in this place.
 B = Non-inter-level travel time spent in this place.
 C = Inter-level travel time spent in this place.
 D = Time resting spent in this place.
 E = Time spent auto-exploring this place.
 F = Levels seen in this place.
 G = Mean time per level.
                   A        B        C        D        E       F      G
               +--------+--------+--------+--------+--------+-----+--------+
         Total |   4846 |   4742 |    104 |    245 |   3918 |   5 |  969.2 |
       Dungeon |   4846 |   4742 |    104 |    245 |   3918 |   5 |  969.2 |
               +--------+--------+--------+--------+--------+-----+--------+

Top non-repeatable levels by time:
     D:1: 1552 daAuts
     D:4: 1397 daAuts
     D:3: 1066 daAuts
     D:2: 784 daAuts
     D:5: 45 daAuts
